 Dungeon Crawl Stone Soup version 0.29-a0-1027-gcd8c55af63 (webtiles) character file.

Game seed: 2946991494766576217

25 27heaven the Chucker (level 3, 12/21 HPs)
             Began as a Tengu Wanderer on Aug 13, 2022.
             Was a Follower of Makhleb.
             Quit the game on level 2 of the Dungeon.
             The game lasted 00:02:23 (1485 turns).

27heaven the Chucker (Tengu Wanderer)               Turns: 1485, Time: 00:02:24

Health: 12/21      AC:  2    Str: 10    XL:     3   Next: 4%
Magic:  7/7        EV: 11    Int: 19    God:    Makhleb [*.....]
Gold:   71         SH:  0    Dex: 10    Spells: 4/6 levels left

rFire   . . .      SeeInvis .   a - +0 dagger
rCold   . . .      Faith    .   (no shield)
rNeg    . . .      Spirit   .   d - +0 robe
rPois   .          Reflect  .   (helmet restricted)
rElec   .          Harm     .   (no cloak)
rCorr   .          Rampage  .   (no gloves)
Will    .....                   (boots unavailable)
Stlth   +.........              (no amulet)
HPRegen 0.07/turn               (no ring)
MPRegen 0.10/turn               (no ring)

@: no status effects
A: beak, talons 3
a: Renounce Religion


You were on level 2 of the Dungeon.
You worshipped Makhleb.
Makhleb was aware of your devotion.
You visited 1 branch of the dungeon, and saw 2 of its levels.

You collected 71 gold pieces.

Inventory:

Hand Weapons
 a - a +0 dagger (weapon)
Missiles
 b - 8 boomerangs
Armour
 d - a +0 robe (worn)
 f - a +0 buckler
Scrolls
 e - a scroll of noise {unknown}
 i - a scroll of fog {unknown}
 k - 2 scrolls of identify {unknown}
Potions
 c - a potion of curing
 g - a potion of haste {unknown}
 h - a potion of ambrosia {unknown}
 j - a potion of resistance {unknown}
 l - a potion of mutation {unknown}


   Skills:
 - Level 2.2 Fighting
 - Level 3.0 Throwing
 + Level 0.3 Shields
 + Level 2.1 Spellcasting
 + Level 0.7 Conjurations
 + Level 2.3 Fire Magic
 + Level 2.9 Air Magic


You had 4 spell levels left.
You knew the following spells:

 Your Spells              Type           Power      Damage    Failure   Level
a - Shock                 Conj/Air       32%        1d5       8%          1
b - Foxfire               Conj/Fire      28%        2x1d5     9%          1

Your spell library contained the following spells:

 Spells                   Type           Power      Damage    Failure   Level
 Mephitic Cloud           Conj/Pois/Air  6%         N/A       30%         3
 Ignite Poison            Fire/Tmut/Pois 4%         N/A       36%         3
 Corpse Rot               Necr/Pois/Air  5%         N/A       73%         4


Dungeon Overview and Level Annotations

Branches:
Dungeon (2/15)

Altars:
Makhleb


Innate Abilities, Weirdness & Mutations

You have a beak for a mouth.
You have claws for feet.


Message History

You kill the quokka!
Makhleb accepts your kill.
No target in view!
No target in view!
No target in view!
You see here a quokka corpse.
k - 2 scrolls labelled YBURCH OSTROUTAT (gained 1)
You open the door.
A dart slug comes into view.
The dart slug launches a dart at you. The slug dart hits you.
Found 10 gold pieces.
A dart slug is nearby!
There is an open door here.
A dart slug is nearby!
You hit the dart slug.
The dart slug is moderately wounded.
The dart slug launches a dart at you. The slug dart hits you.
A dart slug is nearby!
You hit the dart slug.
You peck the dart slug, but do no damage.
The dart slug is heavily wounded.
The dart slug misses you.
You hit the dart slug. You claw the dart slug.
The dart slug is severely wounded.
You barely miss the dart slug.
The dart slug is severely wounded.
The dart slug bites you.
You hit the dart slug.
You kill the dart slug!
Makhleb accepts your kill.
You have reached level 3!
Your experience leads to an increase in your attributes!
Increase (S)trength, (I)ntelligence, or (D)exterity?
You feel clever. x2
Enter note: Are you sure you want to abandon this character and quit the game? (Confirm with "yes".)
Okay, then.
Are you sure you want to abandon this character and quit the game? (Confirm with "yes".)

..#####
.......####
.$.....@..#
.......##.#
......# #.#
#########.########
................ #
#######.########
##..#######..##
#.....†.......#
##..#.###.#..##


There were no monsters in sight!

Vanquished Creatures
  A dart slug (D:2)
  2 ball pythons (D:1)
  An endoplasm (D:2)
  A giant cockroach (D:1)
  3 goblins (D:1)
  A hobgoblin (D:1)
  A quokka (D:2)
  3 bats (D:1)
  2 frilled lizards (D:1)
  3 kobolds (D:1)
  2 rats (D:1)
20 creatures vanquished.

Vanquished Creatures (others)
  12 foxfires (D:1)
12 creatures vanquished.

Grand Total: 32 creatures vanquished

Notes
Turn   | Place    | Note
-------+----------+-------------------------------------------
     0 | D:1      | 27heaven the Tengu Wanderer began the quest for the Orb.
     0 | D:1      | 27heaven set off with the following items: a +0 dagger, 8
                  | boomerangs, a potion of curing, a +0 robe; and the
                  | following spells available to memorise: Shock, Foxfire,
                  | Mephitic Cloud, Ignite Poison, Corpse Rot.
     0 | D:1      | Reached XP level 1. HP: 12/12 MP: 4/4
     3 | D:1      | Learned a level 1 spell: Shock
     5 | D:1      | Learned a level 1 spell: Foxfire
   225 | D:1      | Reached XP level 2. HP: 9/17 MP: 0/6
  1085 | D:1      | Found a faded altar of an unknown god.
  1265 | D:1      | Prayed at the altar of an unknown god.
  1265 | D:1      | Became a worshipper of Makhleb the Destroyer
  1265 | D:1      | Reached * piety under Makhleb
  1485 | D:2      | Reached XP level 3. HP: 12/21 MP: 7/7
  1485 | D:2      | Quit the game

Illustrated notes

Levels and vault maps discovered:
D:1:      minmay_arrival_jagged, layout_loops_corners,
          ebering_ecumenical_altar_abandoned, feat_on_display
D:2:      minmay_spotlight, layout_basic, hangedman_decor_diamond_cutter

Skill      XL: |  1 |
---------------+----+-----
Fighting       | 2 |  2.2
Throwing       | |  3.0
Shields        | |  0.3
Spellcasting   | |  2.1
Conjurations   | |  0.7
Fire Magic     | |  2.3
Air Magic      | |  2.9

Action                   || total
-------------------------++-------
Melee: Dagger            ||    19
       Kick              ||     4
       Peck              ||     1
 Cast: Shock             ||    21
       Foxfire           ||     7
Armor: Robe              ||     2
Dodge: Dodged            ||    12

Table legend: (Time is in decaauts)
 A = Elapsed time spent in this place.
 B = Non-inter-level travel time spent in this place.
 C = Inter-level travel time spent in this place.
 D = Time resting spent in this place.
 E = Time spent auto-exploring this place.
 F = Levels seen in this place.
 G = Mean time per level.
                   A        B        C        D        E       F      G
               +--------+--------+--------+--------+--------+-----+--------+
         Total |   1484 |   1407 |     77 |      0 |   1278 |   2 |  742.0 |
       Dungeon |   1484 |   1407 |     77 |      0 |   1278 |   2 |  742.0 |
               +--------+--------+--------+--------+--------+-----+--------+

Top non-repeatable levels by time:
     D:1: 1275 daAuts
     D:2: 209 daAuts
